AoeStats
← La pomme1

QS Arena

503248451Analyzed
4v4 RM · 11d ago on Aug 30, 2026· 54m 37s· 8 players
Game mode
Random Map
Map size
Large (8 player)
Population
200
Speed
Normal
Resources
Standard
Victory
Conquest
Starting age
Dark Age
Ending age
Imperial Age
RankedLock teamsTeams togetherTeam positionsShared explorationLock speedFull tech treeHidden civsTurbo modeCheats
Victory
Defeat
🇩🇪 Byzantines · Germany
1031
+13
🇨🇴 Vietnamese · Colombia
1023
+13
🇩🇰 Poles · Denmark
916
+18
🇺🇸 Vikings · United States
903
+52
🇱🇧 Malians · Lebanon
1041
-19
🇱🇧 Koreans · Lebanon
992
-17
🇫🇷 Japanese · France
963
-16
🇱🇧 Maya · Lebanon
821
-10
Mitnickek
1:59 Loom
8:17 Feudal Age
13:26 Castle Age
13:18 Double-Bit Axe
16:01 Stone Mining
17:33 Horse Collar
19:09 Bow Saw
19:11 Heavy Plow
22:30 Pikeman
27:33 Imperial Age
30:54 Heavy Scorpion
32:19 Gold Mining
32:57 Fortified Wall
35:16 Two-Man Saw
34:15 Halberdier
zabreyski
9:15 Feudal Age
15:17 Castle Age
13:16 Double-Bit Axe
13:28 Stone Mining
14:19 Horse Collar
14:34 Gold Mining
16:10 Wheelbarrow
16:23 Bow Saw
18:18 Hand Cart
24:34 Elite Skirmisher
26:22 Pikeman
27:03 Squires
30:44 Imperial Age
28:53 Forging
28:43 Scale Mail Armor
28:34 Fletching
28:45 Padded Archer Armor
30:12 Iron Casting
29:18 Eagle Warrior
30:40 Chain Mail Armor
31:10 Bodkin Arrow
32:17 Leather Archer Armor
32:45 Elite Eagle Warrior
34:39 Conscription
34:20 Halberdier
37:29 Blast Furnace
37:00 Plate Mail Armor
37:00 Ring Archer Armor
36:31 Bracer
36:38 Bracer
37:08 Ring Archer Armor
39:50 Elite Plumed Archer
45:44 Hul'che Javelineers
46:14 Holcans
La pomme1
7:46 Feudal Age
6:30 Loom
14:17 Castle Age
12:11 Double-Bit Axe
12:09 Horse Collar
15:04 Loom
18:58 Bloodlines
18:49 Husbandry
19:03 Heavy Plow
24:04 Scale Barding Armor
25:40 Wheelbarrow
25:37 Town Watch
26:09 Gold Mining
27:31 Bow Saw
31:23 Imperial Age
29:09 Hand Cart
28:56 Town Patrol
29:48 Chain Barding Armor
30:39 Gold Shaft Mining
31:30 Forging
31:46 Cavalier
34:59 Iron Casting
35:00 Plate Barding Armor
35:40 Stone Mining
36:22 Crop Rotation
37:13 Heavy Camel Rider
39:39 Conscription
41:01 Farimba
44:25 Chemistry
50:12 Elite Gbeto
50:55 Scale Mail Armor
52:24 Chain Mail Armor
53:25 Padded Archer Armor
Stivigi
5:00 Loom
9:32 Feudal Age
14:16 Castle Age
12:57 Double-Bit Axe
13:11 Horse Collar
22:00 Gold Mining
22:02 Stone Mining
23:08 Pikeman
25:37 Wheelbarrow
24:49 Town Watch
30:20 Town Patrol
30:38 Hand Cart
31:45 Bow Saw
31:37 Heavy Plow
32:14 Gold Shaft Mining
31:47 Caravan
36:34 Imperial Age
maltheh9797
1:09 Loom
8:35 Feudal Age
9:09 Horse Collar
12:38 Castle Age
11:09 Double-Bit Axe
18:07 Squires
18:32 Heavy Plow
20:41 Bloodlines
23:20 Husbandry
24:14 Scale Barding Armor
24:21 Forging
24:24 Light Cavalry
26:34 Wheelbarrow
26:36 Szlachta Privileges
27:28 Iron Casting
28:22 Hand Cart
27:53 Loom
31:25 Scale Mail Armor
31:46 Chain Barding Armor
35:09 Imperial Age
35:16 Cavalier
37:01 Blast Furnace
35:52 Fletching
36:36 Gold Mining
36:13 Winged Hussar
38:58 Chain Mail Armor
40:33 Elite Obuch
41:37 Conscription
Olli
7:27 Loom
10:38 Feudal Age
12:34 Double-Bit Axe
12:32 Horse Collar
15:08 Castle Age
16:28 Gold Mining
20:11 Imperial Age
18:53 Bow Saw
18:52 Heavy Plow
21:27 Pikeman
24:37 Elite Skirmisher
27:01 Imperial Skirmisher
27:42 Fletching
27:52 Padded Archer Armor
28:47 Ballistics
29:33 Thumb Ring
29:26 Bodkin Arrow
29:46 Leather Archer Armor
29:21 Halberdier
31:08 Chemistry
32:02 Bracer
32:32 Ring Archer Armor
34:28 Squires
44:12 Scale Mail Armor
44:23 Forging
54:18 Spies/Treason
joshuaaharris
11:20 Feudal Age
12:24 Horse Collar
12:32 Double-Bit Axe
12:40 Gold Mining
17:18 Castle Age
15:31 Stone Mining
15:34 Loom
15:35 Town Watch
16:58 Padded Archer Armor
16:48 Fletching
18:13 Heavy Plow
21:47 Gold Shaft Mining
21:28 Bow Saw
27:01 Leather Archer Armor
26:48 Scale Mail Armor
27:00 Forging
29:17 Chain Mail Armor
33:52 Imperial Age
33:28 Iron Casting
33:35 Bodkin Arrow
35:12 Arson
35:29 Squires
35:17 Gambesons
36:09 Plate Mail Armor
37:04 Conscription
40:12 Elite Berserk
43:02 Chieftains
48:14 Blast Furnace
Cabo
0:37 Loom
9:18 Feudal Age
9:57 Double-Bit Axe
10:50 Wheelbarrow
9:58 Horse Collar
19:02 Castle Age
18:12 Gold Mining
18:13 Stone Mining
19:38 Forging
19:34 Scale Barding Armor
19:57 Fletching
20:07 Padded Archer Armor
21:27 Bow Saw
22:06 Bodkin Arrow
40:27 Fortified Wall
40:38 Ballistics
43:19 Imperial Age
43:08 Stone Shaft Mining
43:50 Capped Ram
45:41 Chemistry
44:22 Treadmill Crane
44:37 Murder Holes
48:22 Pikeman
49:03 Squires
48:48 Arson
52:00 Iron Casting
51:26 Scale Mail Armor
51:46 Chain Barding Armor
51:42 Leather Archer Armor
51:27 Bracer
51:53 Guilds
52:13 Coinage
51:44 Caravan
53:46 Two-Man Saw
54:12 Banking
54:57 Chatras
55:17 Paper Money
54:29 Sappers
55:35 Hoardings
Connection lost

Rejoining the realm…

Still unreachable

The connection could not be restored.

Session expired

The server has moved on; the page needs a fresh start.